 Dungeon Crawl Stone Soup version 0.30-a0-1116-gebefce21f7 (webtiles) character file.

Game seed: 16586252676654737413

3814 Twinkles the Fanfare of Bloodshed (level 9, -6/109 HPs)
             Began as a Demonspawn Gladiator on Apr 22, 2023.
             Was a Believer of Makhleb.
             Mangled by an orc warrior
             ... wielding a +0 battleaxe
              (7 damage)
             ... in a bailey.
             The game lasted 00:29:01 (7098 turns).

Twinkles the Fanfare of Bloodshed (DsGl)            Turns: 7098, Time: 00:29:02

Health: -6/109     AC: 31    Str: 18    XL:     9   Next: 97%
Magic:  14/14      EV: 12    Int: 14    God:    Makhleb [**....]
Gold:   80         SH:  0    Dex: 15    Spells: 8/8 levels left

rFire   . . .      SeeInvis .    a - +0 war axe
rCold   + . .      Faith    .    (no shield)
rNeg    . . .      Spirit   .    L - +3 ring mail {rC+}
rPois   +          Reflect  .    c - +0 helmet
rElec   .          Rampage  .    Q - +1 cloak "Gares" {rPois Int+4}
rCorr   .                        z - +2 pair of gloves
Will    .....                    m - +1 pair of boots Stlth
                                 N - amulet of the acrobat
HPRegen 0.38/turn                r - +4 ring of protection
MPRegen 0.28/turn                (no ring)

@: mighty, berserking, sanguine armoured, very quick
A: hooves 1, magic regeneration, sanguine armour 2
a: Renounce Religion, Minor Destruction


You were in a bailey.
You worshipped Makhleb.
Makhleb was pleased with you.
You visited 2 branches of the dungeon, and saw 9 of its levels.
You also visited: Bailey.

You collected 366 gold pieces.
You spent 286 gold pieces at shops.

Inventory:

Hand Weapons
 a - a +0 war axe (weapon)
 i - a +1 dire flail of venom
 l - a +4 dagger
Missiles
 d - 6 throwing nets
 k - 8 poisoned darts
 n - 8 javelins (quivered)
 v - 3 boomerangs
Armour
 c - a +0 helmet (worn)
 m - a +1 pair of boots (worn)
 z - a +2 pair of gloves (worn)
 H - an orb of wrath
 L - a +3 ring mail of cold resistance (worn)
 Q - the +1 cloak "Gares" (worn) {rPois Int+4}
   (You bought it in a shop on level 7 of the Dungeon)

   Int:       It affects your intelligence (+4).
   rPois:     It protects you from poison.
Magical Staves
 o - a staff of fire
Jewellery
 r - a +4 ring of protection (left hand)
 N - an amulet of the acrobat (around neck)
Wands
 e - a wand of charming (2)
 j - a wand of polymorph (6)
 y - a wand of mindburst (19)
Scrolls
 g - a scroll of enchant armour {unknown}
 p - 2 scrolls of summoning {unknown}
 s - 3 scrolls of poison {unknown}
 u - a scroll of torment {unknown}
 x - a scroll of immolation {unknown}
 C - a scroll of fear {unknown}
 D - 3 scrolls of blinking
 E - 2 scrolls of magic mapping {unknown}
 F - 2 scrolls of amnesia {unknown}
 G - 2 scrolls of fog {unknown}
 I - a scroll of brand weapon {unknown}
 K - 2 scrolls of teleportation {unknown}
 Z - 2 scrolls of identify
Potions
 f - 3 potions of degeneration
 A - 2 potions of attraction
 B - a potion of brilliance
 J - a potion of curing
 M - 3 potions of might
 P - 2 potions of lignification
 R - 2 potions of resistance
 U - 2 potions of mutation


   Skills:
 + Level 7.7 Fighting
 + Level 7.4 Axes
 - Level 2.0 Throwing
 + Level 6.6 Armour
 - Level 2.9 Dodging
 + Level 7.8 Invocations


You had 8 spell levels left.
You didn't know any spells.
Your spell library contained the following spells:

 Spells                   Type           Power      Damage    Failure   Level
 Necrotise                Necr           0%         1d4       43%         1
 Summon Small Mammal      Summ           0%         N/A       43%         1
 Call Canine Familiar     Summ           0%         N/A       82%         3
 Hailstorm                Conj/Ice       0%         3d3       82%         3
 Summon Guardian Golem    Hex/Summ       0%         N/A       82%         3
 Vampiric Draining        Necr           0%         2d6       82%         3
 Ice Form                 Ice/Tmut       0%         N/A       99%         4
 Agony                    Necr           0%         N/A       100%        5
 Blade Hands              Tmut           0%         N/A       100%        5
 Irradiate                Conj/Tmut      0%         3d11      100%        5
 Simulacrum               Ice/Necr       0%         N/A       100%        6
 Dragon Form              Tmut           0%         N/A       100%        7


Dungeon Overview and Level Annotations

Branches:
Dungeon (8/15) Zot: 26788  Temple (1/1) D:5 Zot: 5954  Bailey (1/1) Zot: 5832
   Lair: D:8-11

Altars:
Ashenzari
Dithmenos
Fedhas
Gozag
Hepliaklqana
Kikubaaqudgha
Makhleb
Nemelex Xobeh
Okawaru
Qazlal
Ru
Sif Muna
Trog
Uskayaw
Vehumet
Wu Jian
Xom
Yredelemnul
Lugonu

Shops:
D:1 ?   D:2 !   D:7 !:!(*

Annotations:
D:3 2 transporters
D:8 2 exclusions


Innate Abilities, Weirdness & Mutations

You have large cloven feet.
You regenerate magic rapidly.
When seriously injured, your blood forms thick armour. (AC +9)


Message History

You barely miss the orc warrior.
The orc knight hits you with a +0 battleaxe.
The orc warrior barely misses you.
You hit the orc knight.
The orc knight is almost dead.
You slash the orc warrior!
The orc knight hits you but does no damage.
The orc warrior hits you with a +0 battleaxe.
The orc knight hits you but does no damage.
The orc warrior closely misses you.
You miss the orc knight.
The orc knight is almost dead.
You closely miss the orc warrior.
The orc knight hits you but does no damage.
The orc warrior hits you with a +0 battleaxe!!
* * * LOW HITPOINT WARNING * * *
You feel better.
The orc knight hits you with a +0 battleaxe.
* * * LOW HITPOINT WARNING * * *
The orc warrior misses you.
A red film seems to cover your vision as you go berserk!
You feel yourself moving faster!
You feel mighty!
The orc knight hits you with a +0 battleaxe!
* * * LOW HITPOINT WARNING * * *
The orc warrior barely misses you.
You hit the orc knight.
The orc knight is almost dead.
You closely miss the orc warrior. You barely miss the orc knight.
The orc knight is almost dead.
You barely miss the orc warrior.
The orc knight hits you with a +0 battleaxe.
* * * LOW HITPOINT WARNING * * *
The orc warrior barely misses you.
You slice the orc knight!!
You kill the orc knight!
Makhleb accepts your kill.
You hit the orc warrior.
The orc warrior hits you with a +0 battleaxe!
You die...

#..#
#.8#
#..#
##)#
#.)#
#).#
#.)#
#..#
#o@#
#)##
#....#
#(.(.#
###..#
+...
####~
≈ ≈


You could see an orc warrior (strong).

Vanquished Creatures
  A two-headed ogre (D:8)
  An orc knight (Bailey)
  A kobold demonologist (D:7)
  Sigmund (D:5)
  Eustachio (D:5)
  Menkaure (D:5)
  Edmund (D:5)
  4 black bears
  3 orc warriors
  An ice beast (D:7)
  2 sky beasts (D:6)
  A phantom (D:5)
  Blork the orc (D:4)
  A gnoll sergeant (D:7)
  A scorpion (D:5)
  A bullfrog (D:5)
  A howler monkey (D:5)
  4 hounds
  2 orc priests
  3 jellies
  A gnoll bouda (D:3)
  4 sleepcaps
  Jessica (D:3)
  Terence (D:2)
  3 iguanas
  11 orc wizards
  Robin (D:2)
  10 gnolls
  7 adders
  4 shadow imps
  2 white imps
  An ufetubus (D:5)
  4 worms
  3 dart slugs
  21 orcs
  9 ball pythons
  7 bats
  5 endoplasms
  4 giant cockroaches
  18 goblins
  9 hobgoblins
  2 jackals (D:2)
  12 kobolds
  A frilled lizard (D:1)
  4 rats
177 creatures vanquished.

Vanquished Creatures (others)
  2 demonic plants (D:5)
  9 fungi (D:5)
  3 plants (D:5)
14 creatures vanquished.

Grand Total: 191 creatures vanquished

Notes
Turn   | Place    | Note
-------+----------+-------------------------------------------
     0 | D:1      | Twinkles the Demonspawn Gladiator began the quest for the
                  | Orb.
     0 | D:1      | Reached XP level 1. HP: 16/16 MP: 1/1
   361 | D:1      | Found Weifelav's Magic Scroll Emporium.
   445 | D:1      | Gained mutation: When seriously injured, your blood forms
                  | armour. (AC +9) [demonic ancestry]
   445 | D:1      | Reached XP level 2. HP: 22/22 MP: 2/2
   839 | D:2      | Noticed Terence
   852 | D:2      | Killed Terence
   853 | D:2      | Reached skill level 1 in Armour
   853 | D:2      | Gained mutation: You regenerate magic rapidly. [demonic
                  | ancestry]
   853 | D:2      | Reached XP level 3. HP: 15/28 MP: 3/3
   938 | D:2      | Noticed Robin
   957 | D:2      | Killed Robin
   958 | D:2      | Gained mutation: When seriously injured, your blood forms
                  | thick armour. (AC +9) [demonic ancestry]
   958 | D:2      | Reached XP level 4. HP: 17/34 MP: 4/4
  1313 | D:2      | Found a broken altar of Ashenzari.
  1399 | D:2      | Found Jupe Gimp's Distillery.
  1403 | D:2      | Bought a potion of curing for 36 gold pieces
  1653 | D:3      | Found a transporter.
  1737 | D:3      | Reached XP level 5. HP: 35/41 MP: 5/5
  1862 | D:3      | Noticed Jessica
  1867 | D:3      | Killed Jessica
  2009 | D:3      | Found a transporter.
  2194 | D:4      | Noticed Blork the orc
  2211 | D:4      | Gained mutation: You have large cloven feet. [demonic
                  | ancestry]
  2211 | D:4      | Reached XP level 6. HP: 29/48 MP: 6/6
  2217 | D:4      | HP: 12/48 [Blork the orc/+1 dire flail of venom (5)]
  2222 | D:4      | HP: 7/48 [poisoned by Blork the orc]
  2224 | D:4      | Killed Blork the orc
  2226 | D:4      | HP: 3/48 [poisoned by Blork the orc]
  3075 | D:5      | Entered Level 5 of the Dungeon
  3079 | D:5      | Reached XP level 7. HP: 55/55 MP: 7/7
  3080 | D:5      | Found a broken altar of Ashenzari.
  3096 | D:5      | Found a staircase to the Ecumenical Temple.
  3106 | Temple   | Entered the Ecumenical Temple
  3135 | Temple   | Became a worshipper of Makhleb the Destroyer
  3172 | D:5      | Reached skill level 1 in Invocations
  3238 | D:5      | Found an iron altar of Okawaru.
  3239 | D:5      | Found a sparkling altar of Nemelex Xobeh.
  3263 | D:5      | Reached skill level 5 in Fighting
  3263 | D:5      | Reached skill level 5 in Axes
  3366 | D:5      | Found a shadowy altar of Dithmenos.
  3398 | D:5      | Noticed Sigmund
  3424 | D:5      | Found a hide-covered altar of Uskayaw.
  3474 | D:5      | Killed Sigmund
  3616 | D:5      | Noticed Menkaure
  3709 | D:5      | Noticed Eustachio
  3817 | D:5      | Found an ornate altar of the Wu Jian Council.
  3843 | D:5      | Killed Menkaure
  3844 | D:5      | Reached XP level 8. HP: 33/63 MP: 10/10
  4013 | D:5      | Noticed Edmund
  4298 | D:5      | Found a stormy altar of Qazlal.
  4506 | D:5      | Killed Edmund
  4639 | D:5      | Killed Eustachio
  4831 | D:6      | Reached skill level 5 in Armour
  4831 | D:6      | Reached skill level 5 in Invocations
  5074 | D:6      | Found an opulent altar of Gozag.
  5106 | D:6      | Reached * piety under Makhleb
  5426 | D:6      | Found a sacrificial altar of Ru.
  5449 | D:6      | Reached XP level 9. HP: 71/71 MP: 13/13
  5622 | D:6      | Found a bloodstained altar of Trog.
  5803 | D:7      | Noticed a kobold demonologist
  5823 | D:7      | Noticed an ice devil
  5826 | D:7      | Killed a kobold demonologist
  6003 | D:7      | Found Maettouf's Assorted Antiques.
  6005 | D:7      | Found Kaarasso's Antique Weapon Shop.
  6018 | D:7      | Found Rigut's Distillery.
  6027 | D:7      | Found Ugiyllige's Distillery.
  6043 | D:7      | Noticed a walking frostbound tome
  6047 | D:7      | Found Zoriq's Book Shoppe.
  6052 | D:7      | Noticed a walking crystal tome
  6103 | D:7      | Bought a faintly glowing cloak for 190 gold pieces
  6103 | D:7      | Identified the +1 cloak "Gares" {rPois Int+4} (You bought
                  | it in a shop on level 7 of the Dungeon)
  6159 | D:7      | Bought a scroll labelled ASMUENE YX SOD for 20 gold pieces
  6159 | D:7      | Bought a scroll labelled XOLEXO QIEMOASS for 20 gold pieces
  6159 | D:7      | Bought a scroll labelled CUDDOSTR SEME for 20 gold pieces
  6322 | D:7      | Found a radiant altar of Vehumet.
  6703 | D:7      | Reached ** piety under Makhleb
  6867 | D:8      | Found a flagged portal.
  6867 | D:8      | Noticed a two-headed ogre
  6884 | D:8      | Killed a two-headed ogre
  6939 | Bailey   | Entered a bailey
  7081 | Bailey   | Noticed an orc knight
  7093 | Bailey   | HP: 1/73 [orc warrior/+0 battleaxe (21)]
  7098 | Bailey   | Killed an orc knight
  7098 | Bailey   | Mangled by an orc warrior

Illustrated notes

Levels and vault maps discovered:
D:1:      dpeg_arrival_arbitrary_c, layout_basic, serial_shops,
          nicolae_shop_real_fake_doors
D:2:      layout_basic, serial_shops, nicolae_shop_back_alley_shop, basic_altar,
          uniq_robin, uniq_terence
D:3:      gammafunk_wand_slinger, layout_basic, uniq_jessica
D:4:      layout_gridville, mainiacjoe_overflow_24_doors, serial_glass,
          glass_columns_a, glass_columns_b, uniq_blork_the_orc
D:5:      layout_rooms, nicolae_uskayaw_murder_on_the_dancefloor,
          nicolae_wu_jian_immortal_techniques, nicolae_overflow_crystal_walls,
          chequers_temple_overflow_statue_of_worship,
          nicolae_ashenzari_panopticon, kennysheep_little_box,
          minmay_temple_entry_gardened_gates, serial_demonic, serial_demonic_g,
          serial_demonic_a, serial_demonic_b, serial_demonic_c,
          chequers_decorated_corner, dreamdust_mushroom_princess,
          serial_park_tiny_1, grunt_ministairs_8, uniq_sigmund, uniq_eustachio,
          uniq_edmund, uniq_menkaure
D:6:      layout_basic, trog_hazing_becter, mainiacjoe_overflow_alcove_4,
          nicolae_gozag_cash_rules_everything_around_me
D:7:      layout_rooms, nicolae_vehumet_radiance, serial_shops,
          nicolae_shop_tiny_statue_garden, nicolae_shop_mannequins,
          shop_fountains, shop, shop, grunt_ministairs_3, minmay_statues_item
D:8:      layout_basic, enter_bailey_2, uniq_grum
Temple:   corrupted_temple
Bailey:   bailey_axe_of_yendor_kennysheep, bailey

Skill      XL: |  1  2  3  4  5  6  7  8  9 |
---------------+----------------------------+-----
Throwing       | 2 |  2.0
Axes           | 3 4 5 6 7 |  7.4
Armour         | 1 2 3 4 5 6 |  6.6
Fighting       | 3 4 5 6 7 |  7.7
Invocations    | 3 5 7 |  7.8
Dodging        | |  2.9

Action                     |  1- 3 |  4- 6 |  7- 9 || total
---------------------------+-------+-------+-------++-------
  Melee: War axe           |    65 |   164 |   422 ||   651
         Punch             |       |       |     6 ||     6
  Throw: Throwing net      |     2 |       |       ||     2
         Boomerang         |       |     5 |     5 ||    10
         Javelin           |       |    14 |    55 ||    69
         Dart              |       |       |     6 ||     6
    Use: Potion            |       |     2 |     5 ||     7
         Scroll            |       |       |     9 ||     9
 Armour: Leather armour    |    21 |       |       ||    21
         Chain mail        |    22 |   134 |   144 ||   300
         Ring mail         |       |       |   221 ||   221
  Dodge: Dodged            |    33 |    75 |   264 ||   372

Table legend: (Time is in decaauts)
 A = Elapsed time spent in this place.
 B = Non-inter-level travel time spent in this place.
 C = Inter-level travel time spent in this place.
 D = Time resting spent in this place.
 E = Time spent auto-exploring this place.
 F = Levels seen in this place.
 G = Mean time per level.
                   A        B        C        D        E       F      G
               +--------+--------+--------+--------+--------+-----+--------+
         Total |   7290 |   6749 |    541 |    285 |   4445 |  10 |  729.0 |
       Dungeon |   7077 |   6551 |    526 |    282 |   4333 |   8 |  884.6 |
        Temple |     45 |     30 |     15 |      0 |     19 |   1 |   45.0 |
        Bailey |    166 |    166 |      0 |      3 |     93 |   1 |  166.0 |
               +--------+--------+--------+--------+--------+-----+--------+

Top non-repeatable levels by time:
     D:5: 1641 daAuts
     D:4: 1145 daAuts
     D:6: 992 daAuts
     D:7: 969 daAuts
     D:2: 826 daAuts
     D:1: 771 daAuts
     D:3: 519 daAuts
     D:8: 212 daAuts
  Bailey: 166 daAuts
  Temple: 45 daAuts
